 Dungeon Crawl Stone Soup version 0.27-a0-1046-g98bf31544f (webtiles) character file.

Game seed: 18320556528528211493

21 Busket the Magician (level 2, 0/22 HPs)
             Began as a Djinni Fire Elementalist on Apr 19, 2021.
             Slain by a jackal (2 damage)
             ... on level 1 of the Dungeon.
             The game lasted 00:04:27 (688 turns).

Busket the Magician (Djinni Fire Elementalist)       Turns: 688, Time: 00:04:27

Health: 0/22       AC:  3    Str:  7    XL:     2   Next: 87%
Gold:   29         EV: 12    Int: 16    God:
                   SH:  0    Dex: 13

rFire    + + .     SeeInvis .   a - +0 dagger
rCold    x . .     Faith    .   (no shield)
rNeg     . . .     Spirit   .   e - +0 robe
rPois    ∞         Reflect  .   (no helmet)
rElec    .         Harm     .   d - +0 cloak
rCorr    .         Rampage  .   (no gloves)
Will     .....                  (boots unavailable)
Stlth    ++........             (no amulet)
HPRegen  0.07/turn              (no ring)
MPRegen  0.00/turn              (no ring)

@: flying
A: fire resistance 2, cold vulnerability 1, float, innate caster, hp casting,
extra vitality 1
a: no special abilities


You were on level 1 of the Dungeon.
You visited 1 branch of the dungeon, and saw 1 of its levels.

You collected 83 gold pieces.
You spent 54 gold pieces at shops.

Inventory:

Hand Weapons
 a - a +0 dagger (weapon)
 b - a +0 hunting sling
 f - a +0 hand axe of venom
Missiles
 c - 29 stones
 g - 23 sling bullets
 i - 2 throwing nets
Armour
 d - a +0 cloak (worn)
 e - a +0 robe (worn)
Scrolls
 h - a scroll of immolation {unknown}


   Skills:
 * Level 1.5 Fighting
 + Level 2.6 Dodging
 - Level 1.5 Stealth
 + Level 2.9 Spellcasting


You couldn't memorise any spells.
You knew the following spells:

 Your Spells              Type           Power      Damage    Failure   Level
a - Foxfire               Conj/Fire      44%        2x1d6     6%          1
b - Conjure Flame         Conj/Fire      11%        6-21      17%         3
c - Inner Flame           Hex/Fire       11%        N/A       17%         3
d - Sticky Flame          Conj/Fire      11%        2d3       50%         4
e - Fireball              Conj/Fire      5%         3d5       85%         5
Your spell library was empty.

Dungeon Overview and Level Annotations

Branches:
Dungeon (1/15)

Altars:

Shops:
D:1 [


Innate Abilities, Weirdness & Mutations

You are immune to poison.
Your flesh is very heat resistant. (rF++)
You are vulnerable to cold. (rC-)
You float through the air rather than walking.
You learn spells naturally, not from books.
Your magical power is your life essence.
You have superior vitality. (+4 HP)


Message History

The jackal barely misses you.
You hit the jackal but do no damage.
The jackal is heavily wounded.
The jackal bites you.
* * * LOW HITPOINT WARNING * * *
You hit the jackal but do no damage.
The jackal is heavily wounded.
The jackal bites you but does no damage.
The jackal closely misses you.
You closely miss the jackal.
The jackal is heavily wounded.
The jackal barely misses you.
You hit the jackal but do no damage.
The jackal is heavily wounded.
The jackal bites you.
* * * LOW HITPOINT WARNING * * *
You hit the jackal but do no damage.
The jackal is heavily wounded.
The jackal bites you.
* * * LOW HITPOINT WARNING * * *
The jackal bites you.
* * * LOW HITPOINT WARNING * * *
You miss the jackal.
The jackal is moderately wounded.
The jackal bites you.
* * * LOW HITPOINT WARNING * * *
Things that are here:
a rat corpse; a frilled lizard corpse The jackal barely misses you.
The jackal barely misses you. The jackal misses you.
The jackal closely misses you. The jackal misses you. x2
The jackal barely misses you. The jackal closely misses you.
The jackal closely misses you. The jackal closely misses you.
A ball python comes into view.
The jackal bites you.
You die...

#...# .......)##### #...#
........##### #...#
............# #...#
............# #...#
............#
###...############+####....#
#..................# #....#
#...#.############.####....##
#...#...h.hh@S........'....'.
#######..########.....###....##
#.........# #...÷.# #......
#.#####.hh# #.....# #.#####
#...##### #.....# #.#
######.#....# #.....# #.#
#......#....# #.....# #.#
#.######....# #.....# #.# #.#
#....# #.....# #..


You could see 3 jackals and a ball python (wandering).

Vanquished Creatures
  2 ball pythons (D:1)
  2 endoplasms (D:1)
  2 goblins (D:1)
  5 jackals (D:1)
  A quokka (D:1)
  A frilled lizard (D:1)
  3 kobolds (D:1)
  2 rats (D:1)
18 creatures vanquished.

Vanquished Creatures (others)
  36 foxfires (D:1)
36 creatures vanquished.

Grand Total: 54 creatures vanquished

Notes
Turn   | Place    | Note
-------+----------+-------------------------------------------
     0 | D:1      | Busket the Djinni Fire Elementalist began the quest for the
                  | Orb.
     0 | D:1      | Reached XP level 1. HP: 15/15 MP: 0/0
   128 | D:1      | Found Maicuif's Armour Emporium.
   144 | D:1      | Reached skill level 1 in Fighting
   144 | D:1      | Reached XP level 2. HP: 16/22 MP: 0/0
   172 | D:1      | Bought a +0 cloak for 54 gold pieces
   667 | D:1      | HP: 1/22 [jackal (2)]
   688 | D:1      | Slain by a jackal

Illustrated notes

Levels and vault maps discovered:
D:1:      wheals_arrival_linesprint, layout_basic, serial_shops, shop_coins,
          minmay_split_cup_large

Skill      XL: |  1 |
---------------+----+-----
Fighting       | 1 |  1.5
Dodging        | |  2.6
Stealth        | |  1.5
Spellcasting   | |  2.9

Action                   || total
-------------------------++-------
Melee: Dagger            ||    28
 Fire: Hunting sling     ||     7
 Cast: Foxfire           ||    24
Armor: Robe              ||    21
Dodge: Dodged            ||    45

Table legend: (Time is in decaauts)
 A = Elapsed time spent in this place.
 B = Non-inter-level travel time spent in this place.
 C = Inter-level travel time spent in this place.
 D = Time resting spent in this place.
 E = Time spent auto-exploring this place.
 F = Levels seen in this place.
 G = Mean time per level.
                   A        B        C        D        E       F      G
               +--------+--------+--------+--------+--------+-----+--------+
         Total |    687 |    687 |      0 |      0 |    471 |   1 |  687.0 |
       Dungeon |    687 |    687 |      0 |      0 |    471 |   1 |  687.0 |
               +--------+--------+--------+--------+--------+-----+--------+

Top non-repeatable levels by time:
     D:1: 687 daAuts
